 Dungeon Crawl Stone Soup version 0.28-a0-580-ga2639ab843 (webtiles) character file.

Game seed: 12499208593663296594

74 jasper the Slasher (level 4, -1/33 HPs)
             Began as a Demonspawn Warper on Oct 2, 2021.
             Killed by nerve-wracking pain
             ... invoked by an orc priest
              (6 damage)
             ... on level 3 of the Dungeon.
             The game lasted 00:03:46 (2561 turns).

jasper the Slasher (Demonspawn Warper)              Turns: 2561, Time: 00:03:46

Health: -1/33      AC:  4    Str: 11    XL:     4   Next: 9%
Magic:  7/7        EV: 11    Int: 22    God:
Gold:   85         SH:  0    Dex: 14    Spells: 3/7 levels left

rFire   . . .      SeeInvis .   a - +1 falchion
rCold   . . .      Faith    .   (no shield)
rNeg    . . .      Spirit   .   b - +1 leather armour
rPois   .          Reflect  .   (helmet restricted)
rElec   .          Harm     .   (no cloak)
rCorr   .          Rampage  .   (no gloves)
Will    .....                   (no boots)
Stlth   ++........              (no amulet)
HPRegen 0.11/turn               l - +6 ring of intelligence
MPRegen 0.10/turn               (no ring)

@: no status effects
A: horns 2, thin skeletal structure 1
a: no special abilities


You were on level 3 of the Dungeon.
You visited 1 branch of the dungeon, and saw 3 of its levels.

You collected 85 gold pieces.

Inventory:

Hand Weapons
 a - a +1 falchion (weapon)
Missiles
 d - 5 boomerangs of dispersal
 f - 17 stones (quivered)
Armour
 b - a +1 leather armour (worn)
Jewellery
 l - a +6 ring of intelligence (left hand)
Scrolls
 c - a scroll of blinking
 g - a scroll of teleportation
 i - a scroll of enchant armour
 n - a scroll of identify {unknown}
Potions
 e - a potion of might {unknown}
 h - a potion of flight {unknown}
 j - 3 potions of curing {unknown}
 k - a potion of degeneration {unknown}
 m - a potion of cancellation {unknown}


   Skills:
 - Level 2.0 Fighting
 + Level 4.0 Long Blades
 - Level 0.8 Throwing
 - Level 0.8 Armour
 - Level 1.7 Dodging
 - Level 2.0 Spellcasting
 - Level 2.6 Translocations


You had 3 spell levels left.
You knew the following spells:

 Your Spells              Type           Power      Damage    Failure   Level
a - Apportation           Tloc           28%        N/A       6%          1
b - Blink                 Tloc           N/A        N/A       9%          2
c - Animate Skeleton      Necr           4%         N/A       19%         1

Your spell library contained the following spells:

 Spells                   Type           Power      Damage    Failure   Level
 Summon Small Mammal      Summ           8%         N/A       19%         1
 Gell's Gravitas          Tloc           7%         N/A       19%         3
 Lesser Beckoning         Tloc           14%        N/A       19%         3
 Teleport Other           Tloc           14%        N/A       19%         3
 Manifold Assault         Tloc           14%        N/A       86%         5


Dungeon Overview and Level Annotations

Branches:
Dungeon (3/15)

Altars:
Makhleb

Annotations:
D:3 3 runed translucent doors, miscthings's ghost, amateur NaFi


Innate Abilities, Weirdness & Mutations

You have a pair of horns on your head.
You have a somewhat thin skeletal structure. (Dex +2, Stealth+)


Message History

You kill the orc!
The orc priest calls down the wrath of Beogh upon you.
Pain shoots through your body!
You take 8 damage, and have 22/33 hp.
MASSIVE DAMAGE!!
The orc priest barely misses you.
Items here: ( ) [ †.
You hit the orc priest but do no damage.
You headbutt the orc priest!
The orc priest is heavily wounded.
The orc priest hits you with a +0 dagger.
You take 5 damage, and have 17/33 hp.
You hit the orc priest but do no damage.
The orc priest is heavily wounded.
The orc priest hits you with a +0 dagger.
You take 3 damage, and have 14/33 hp.
You hit the orc priest but do no damage.
The orc priest is heavily wounded.
The orc priest hits you but does no damage.
You hit the orc priest.
The orc priest is heavily wounded.
The orc priest closely misses you.
You hit the orc priest but do no damage.
The orc priest is heavily wounded.
The orc priest hits you but does no damage.
You barely miss the orc priest. You headbutt the orc priest.
The orc priest is severely wounded.
The orc priest invokes the aid of Beogh against you.
Pain shoots through your body!
You take 4 damage, and have 10/33 hp.
You closely miss the orc priest.
You headbutt the orc priest, but do no damage.
The orc priest is severely wounded.
The orc priest hits you with a +0 dagger.
* * * LOW HITPOINT WARNING * * *
You take 5 damage, and have 5/33 hp.
You hit the orc priest. Your headbutt misses the orc priest.
The orc priest is almost dead.
The orc priest invokes the aid of Beogh against you.
Pain shoots through your body!
You die...

##.##.)...## ...
#.######..######.# 8.8
#...........# #.#
#.........### #.#
#.....<..## #........# #
##########.#####.
##8##.##8##8##8##.....^.
.....$o@).).....'.#####.
##8##.##8##8##8##.# #
##########.# .........#
##########


You could see an orc priest.

Vanquished Creatures
  A hound skeleton (D:2)
  An adder (D:3)
  A worm (D:2)
  A dart slug (D:2)
  4 orcs (D:3)
  6 endoplasms
  2 goblins
  7 hobgoblins
  A kobold (D:2)
  2 quokkas
  4 ball pythons
  3 bats
  3 frilled lizards (D:1)
  5 rats
41 creatures vanquished.

Notes
Turn   | Place    | Note
-------+----------+-------------------------------------------
     0 | D:1      | jasper the Demonspawn Warper began the quest for the Orb.
     0 | D:1      | Reached XP level 1. HP: 16/16 MP: 3/3
   243 | D:1      | Reached skill level 2 in Long Blades
   668 | D:1      | Found a faded altar of an unknown god.
   675 | D:1      | Gained mutation: You have a pair of small horns on your
                  | head. [demonic ancestry]
   675 | D:1      | Reached XP level 2. HP: 21/22 MP: 5/5
  1160 | D:2      | Learned a level 1 spell: Apportation
  1163 | D:2      | Learned a level 2 spell: Blink
  1165 | D:2      | Learned a level 1 spell: Animate Skeleton
  1321 | D:2      | Reached skill level 3 in Long Blades
  1607 | D:2      | Gained mutation: You have a pair of horns on your head.
                  | [demonic ancestry]
  1607 | D:2      | Reached XP level 3. HP: 26/27 MP: 6/6
  2183 | D:3      | Found a burning altar of Makhleb.
  2333 | D:3      | Found a runed translucent gate.
  2333 | D:3      | Found a runed translucent gate.
  2333 | D:3      | Found a runed translucent gate.
  2334 | D:3      | Noticed miscthings's ghost (amateur NaFi)
  2335 | D:3      | Noticed a kobold brigand
  2391 | D:3      | Gained mutation: You have a somewhat thin skeletal
                  | structure. (Dex +2, Stealth+) [demonic ancestry]
  2391 | D:3      | Reached XP level 4. HP: 19/33 MP: 7/7
  2545 | D:3      | Reached skill level 4 in Long Blades
  2561 | D:3      | Killed from afar by an orc priest

Illustrated notes

Levels and vault maps discovered:
D:1:      dpeg_arrival_stone_temple_mockup, layout_basic,
          chequers_ecumenical_altar_twisty, minmay_split_cup_small
D:2:      layout_basic
D:3:      layout_rooms, lightli_temple_of_fire, jmf_multi_god_temple2,
          portal_sewer_entry_a, gammafunk_ghost_nasty_kobolds,
          dk_noncrumbling_2, uniq_crazy_yiuf_cottage

Skill      XL: |  1  2  3  4 |
---------------+-------------+-----
Long Blades    | 2 3 4 |  4.0
Fighting       | |  2.0
Throwing       | |  0.8
Armour         | |  0.8
Dodging        | |  1.7
Spellcasting   | |  2.0
Translocations | |  2.6

Action                   |  1- 3 |  4- 6 || total
-------------------------+-------+-------++-------
Melee: Falchion          |    88 |    14 ||   102
       Headbutt          |     5 |     4 ||     9
Throw: Stone             |    96 |     2 ||    98
  Use: Scroll            |     3 |       ||     3
Armor: Leather armour    |    17 |     2 ||    19
Dodge: Dodged            |    50 |     6 ||    56

Table legend: (Time is in decaauts)
 A = Elapsed time spent in this place.
 B = Non-inter-level travel time spent in this place.
 C = Inter-level travel time spent in this place.
 D = Time resting spent in this place.
 E = Time spent auto-exploring this place.
 F = Levels seen in this place.
 G = Mean time per level.
                   A        B        C        D        E       F      G
               +--------+--------+--------+--------+--------+-----+--------+
         Total |   2581 |   2483 |     98 |    198 |   1916 |   3 |  860.3 |
       Dungeon |   2581 |   2483 |     98 |    198 |   1916 |   3 |  860.3 |
               +--------+--------+--------+--------+--------+-----+--------+

Top non-repeatable levels by time:
     D:1: 1049 daAuts
     D:2: 992 daAuts
     D:3: 539 daAuts
